 Dungeon Crawl Stone Soup version 0.27-a0-1065-ge809cff456 (webtiles) character file.

Game seed: 11842937394307711550

79 Pooter the Fighter (level 4, -6/48 HPs)
             Began as a Gnoll Wanderer on Apr 22, 2021.
             Mangled by an orc warrior
             ... wielding a +0 war axe
              (14 damage)
             ... on level 3 of the Dungeon.
             The game lasted 00:14:30 (1817 turns).

Pooter the Fighter (Gnoll Wanderer)                 Turns: 1817, Time: 00:14:30

Health: -6/48      AC:  8    Str: 13    XL:     4   Next: 37%
Magic:  5/5        EV:  5    Int: 12    God:
Gold:   75         SH:  0    Dex: 10    Spells: 5/5 levels left

rFire    . . .     SeeInvis .   a - +0 short sword
rCold    . . .     Faith    .   (no shield)
rNeg     . . .     Spirit   .   i - +0 chain mail
rPois    .         Reflect  .   (no helmet)
rElec    .         Harm     .   (no cloak)
rCorr    .         Rampage  .   (no gloves)
Will     .....                  (no boots)
Stlth    ..........             (no amulet)
HPRegen  0.16/turn              (no ring)
MPRegen  0.09/turn              (no ring)

@: no status effects
A: fangs 1, strong nose, distributed training
a: no special abilities


You were on level 3 of the Dungeon.
You visited 1 branch of the dungeon, and saw 3 of its levels.

You collected 75 gold pieces.

Inventory:

Hand Weapons
 a - a +0 short sword (weapon)
   (You took it off a kobold on level 1 of the Dungeon)
 b - a +3 shortbow
 p - a +0 dagger
   (You took it off a goblin on level 1 of the Dungeon)
Missiles
 g - 44 arrows
 o - 16 sling bullets
 Q - 65 stones (quivered)
Armour
 i - a +0 chain mail (worn)
   (You took it off an orc priest on level 3 of the Dungeon)
Scrolls
 e - 3 scrolls of teleportation {unknown}
 h - a scroll of summoning {unknown}
 l - a scroll of noise {!r}
 m - a scroll of amnesia
 n - a scroll of fog
Potions
 f - a potion of might {unknown}
 j - a potion of ambrosia {unknown}
 k - a potion of attraction {unknown}
 q - a potion of resistance {unknown}
Miscellaneous
 d - a piece from Xom's chessboard (11/15)


   Skills:
 + Level 10.4 Fighting
 + Level 1.1 Short Blades
 + Level 1.1 Long Blades
 + Level 1.1 Axes
 + Level 1.1 Maces & Flails
 + Level 1.1 Polearms
 + Level 1.1 Staves
 + Level 1.1 Slings
 + Level 6.6 Bows
 + Level 1.1 Crossbows
 + Level 1.1 Throwing
 + Level 1.1 Armour
 + Level 1.1 Dodging
 + Level 2.5 Stealth
 + Level 1.1 Shields
 + Level 1.1 Unarmed Combat
 + Level 1.1 Spellcasting
 + Level 0.8 Conjurations
 + Level 0.8 Hexes
 + Level 0.8 Summonings
 + Level 0.8 Necromancy
 + Level 0.8 Translocations
 + Level 0.8 Transmutations
 + Level 0.8 Fire Magic
 + Level 0.8 Ice Magic
 + Level 0.8 Air Magic
 + Level 0.8 Earth Magic
 + Level 0.8 Poison Magic
 + Level 1.2 Invocations
 + Level 2.7 Evocations


You had 5 spell levels left.
You didn't know any spells.
Your spell library was empty.

Dungeon Overview and Level Annotations

Branches:
Dungeon (3/15)

Altars:


Innate Abilities, Weirdness & Mutations

You have very sharp teeth.
Your uncanny sense of smell can sniff out nearby items.
Your experience applies equally to all skills.


Message History

You hear some strange, mumbled words.
You are confused.
You bump into the rock wall.
Something hits you but does no damage.
You hit the orc warrior but do no damage.
Something hits you but does no damage.
You hit the orc warrior but do no damage.
You bite the orc warrior, but do no damage.
Something hits you but does no damage.
You barely miss the orc warrior. Something hits you.
You hit the orc warrior. Something hits you but does no damage.
You bump into the rock wall.
You feel less confused.
You hear some strange, mumbled words.
A magic dart appears from out of thin air!
The magic dart hits you but does no damage.
Unknown command.
The helpless orc warrior fails to defend itself.
You puncture the orc warrior! Something hits you but does no damage.
Something hits you.
Unknown command.
The helpless orc warrior fails to defend itself.
You hit the orc warrior.
The orc warrior is no longer paralysed.
The orc warrior hits you with a +0 war axe.
Something hits you but does no damage.
You hit the orc warrior but do no damage.
You bite the orc warrior, but do no damage.
A bat comes into view.
The orc warrior hits you but does no damage.
The orc warrior hits you with a +0 war axe.
Something hits you.
The bat moves out of view.
You closely miss the orc warrior.
The orc warrior hits you but does no damage.
Something completely misses you.
The orc warrior hits you with a +0 war axe.
You hit the orc warrior but do no damage.
The orc warrior hits you with a +0 war axe!
* * * LOW HITPOINT WARNING * * *
Something hits you but does no damage.
You make a move on Xom's chessboard...
The orc warrior struggles to resist.
The orc warrior hits you with a +0 war axe!
* * * LOW HITPOINT WARNING * * *
Something hits you.
* * * LOW HITPOINT WARNING * * *
The orc warrior hits you with a +0 war axe!
You die...

###..≈≈..........
#....≈≈..........
..#?.≈≈.......... ##.
###≈≈#....#...# #..
##≈#....##### ### #.#
#≈#....##### #...##.#
#######........
##.##..{###[.......######
......oo@b..#....###
..#....######.####
....##. #.# .## .. ...
##o .... #. ...... ##
....... #.....


You could see an orc warrior (fast), an orc and a bat.

Vanquished Creatures
  An orc priest (D:3)
  3 bats
  6 endoplasms
  5 giant cockroaches
  5 goblins
  A hobgoblin (D:1)
  7 jackals
  7 ball pythons
  A frilled lizard (D:1)
  2 kobolds (D:1)
  6 rats
44 creatures vanquished.

Notes
Turn   | Place    | Note
-------+----------+-------------------------------------------
     0 | D:1      | Reached skill level 10 in Fighting
     0 | D:1      | Pooter the Gnoll Wanderer began the quest for the Orb.
     0 | D:1      | Pooter set off with the following items: a +2 shortbow, a
                  | +0 ring mail, a piece from Xom's chessboard (15/15), 27
                  | arrows
     0 | D:1      | Reached XP level 1. HP: 28/28 MP: 1/1
    51 | D:1      | Found a faded altar of an unknown god.
    95 | D:1      | Reached XP level 2. HP: 36/36 MP: 2/2
   499 | D:1      | Reached XP level 3. HP: 40/42 MP: 3/3
   883 | D:2      | Reached skill level 1 in Invocations
  1564 | D:3      | Reached skill level 1 in Short Blades
  1564 | D:3      | Reached skill level 1 in Long Blades
  1564 | D:3      | Reached skill level 1 in Axes
  1564 | D:3      | Reached skill level 1 in Maces & Flails
  1564 | D:3      | Reached skill level 1 in Polearms
  1564 | D:3      | Reached skill level 1 in Staves
  1564 | D:3      | Reached skill level 1 in Slings
  1564 | D:3      | Reached skill level 1 in Crossbows
  1564 | D:3      | Reached skill level 1 in Throwing
  1564 | D:3      | Reached skill level 1 in Armour
  1564 | D:3      | Reached skill level 1 in Dodging
  1564 | D:3      | Reached skill level 1 in Shields
  1564 | D:3      | Reached skill level 1 in Unarmed Combat
  1564 | D:3      | Reached skill level 1 in Spellcasting
  1564 | D:3      | Reached XP level 4. HP: 19/48 MP: 5/5
  1795 | D:3      | Noticed an orc warrior
  1817 | D:3      | Mangled by an orc warrior

Illustrated notes

Levels and vault maps discovered:
D:1:      evilmike_arrival_plus, layout_basic, shapermc_ecumenical_altar_gd,
          minivault_4, hangedman_decor_slide_cut
D:2:      layout_basic, fountainhead
D:3:      layout_rooms, eat_drink_and_be_merry_uskayaw,
          chequers_serial_rivers_small_3

Skill      XL: |  1  2  3 |
---------------+----------+-----
Fighting       | | 10.4
Invocations    | 1 |  1.2
Short Blades   | 1 |  1.1
Long Blades    | 1 |  1.1
Axes           | 1 |  1.1
Maces & Flails | 1 |  1.1
Polearms       | 1 |  1.1
Staves         | 1 |  1.1
Slings         | 1 |  1.1
Crossbows      | 1 |  1.1
Throwing       | 1 |  1.1
Armour         | 1 |  1.1
Dodging        | 1 |  1.1
Shields        | 1 |  1.1
Unarmed Combat | 1 |  1.1
Spellcasting   | 1 |  1.1
Bows           | |  6.6
Stealth        | |  2.5
Conjurations   | |  0.8
Hexes          | |  0.8
Summonings     | |  0.8
Necromancy     | |  0.8
Translocations | |  0.8
Transmutations | |  0.8
Fire Magic     | |  0.8
Ice Magic      | |  0.8
Air Magic      | |  0.8
Earth Magic    | |  0.8
Poison Magic   | |  0.8
Evocations     | |  2.7

Action                   |  1- 3 |  4- 6 || total
-------------------------+-------+-------++-------
Melee: Dagger            |    37 |       ||    37
       Bite              |     2 |     2 ||     4
       Short sword       |       |    14 ||    14
 Fire: Shortbow          |    51 |     2 ||    53
Throw: Stone             |    25 |       ||    25
Evoke: Piece from Xom's  |       |     4 ||     4
  Use: Scroll            |     5 |       ||     5
 Stab: Paralysed         |       |     7 ||     7
Armor: Ring mail         |    14 |       ||    14
       Chain mail        |       |    11 ||    11
Dodge: Dodged            |    27 |     2 ||    29

Table legend: (Time is in decaauts)
 A = Elapsed time spent in this place.
 B = Non-inter-level travel time spent in this place.
 C = Inter-level travel time spent in this place.
 D = Time resting spent in this place.
 E = Time spent auto-exploring this place.
 F = Levels seen in this place.
 G = Mean time per level.
                   A        B        C        D        E       F      G
               +--------+--------+--------+--------+--------+-----+--------+
         Total |   1812 |   1678 |    134 |    176 |   1091 |   3 |  604.0 |
       Dungeon |   1812 |   1678 |    134 |    176 |   1091 |   3 |  604.0 |
               +--------+--------+--------+--------+--------+-----+--------+

Top non-repeatable levels by time:
     D:2: 761 daAuts
     D:1: 744 daAuts
     D:3: 306 daAuts
